 Dungeon Crawl Stone Soup version 0.27.1-34-g3ba077fa99 (webtiles) character file.

Game seed: 12849513069103443252

2565 Kaptain the Geomancer (level 9, -1/66 HPs)
             Began as a Formicid Earth Elementalist on Jan 19, 2022.
             Shot with a bolt by an orc warrior (18 damage)
             ... in a bailey.
             The game lasted 00:20:45 (9685 turns).

Kaptain the Geomancer (Formicid Earth Elementalist) Turns: 9685, Time: 00:20:46

Health: -1/66      AC:  7    Str: 13    XL:     9   Next: 87%
Magic:  18/18      EV: 13    Int: 18    God:
Gold:   359        SH:  0    Dex: 11    Spells: 14/20 levels left

rFire    + . .     SeeInvis +   i - +2 falchion (elec)
rCold    . . .     Faith    .   (no shield)
rNeg     + . .     Spirit   .   y - +0 steam dragon scales
rPois    .         Reflect  .   (helmet unavailable)
rElec    .         Harm     .   (no cloak)
rCorr    .         Rampage  .   v - +0 pair of gloves
Will     .....                  (no boots)
Stlth    +++.......             (no amulet)
HPRegen  0.21/turn              d - ring of positive energy
MPRegen  0.16/turn              u - ring of protection from fire

@: no status effects
A: permanent stasis, dig shafts and tunnels, antennae 3, four strong arms
a: Dig


You were in a bailey.
You visited 2 branches of the dungeon, and saw 9 of its levels.
You also visited: Bailey.

You collected 359 gold pieces.

Inventory:

Hand Weapons
 h - a +0 spear
 i - a +2 falchion of electrocution (weapon)
 m - a +1 short sword of speed
Missiles
 c - 171 stones
Armour
 a - a +0 kite shield
 l - a +0 leather armour
 v - a +0 pair of gloves (worn)
 y - +0 steam dragon scales (worn)
Jewellery
 d - a ring of positive energy (left hand)
 u - a ring of protection from fire (right hand)
 w - a +6 ring of dexterity
Wands
 g - a wand of digging (6)
 r - a wand of flame (16)
Scrolls
 b - a scroll of magic mapping
 e - 2 scrolls of blinking {unknown}
 j - 5 scrolls of identify
 p - a scroll of fog {unknown}
 t - 3 scrolls of enchant weapon {unknown}
 x - a scroll of enchant armour {unknown}
Potions
 f - a potion of cancellation
 k - 2 potions of curing
 n - a potion of mutation
 o - a potion of magic {unknown}
 q - 3 potions of ambrosia {unknown}
 s - a potion of flight {unknown}


   Skills:
 + Level 4.4 Fighting
 + Level 4.5 Armour
 + Level 4.1 Dodging
 + Level 6.0 Stealth
 + Level 4.2 Shields
 * Level 6.4 Spellcasting
 - Level 1.1 Transmutations
 * Level 8.2 Earth Magic


You had 14 spell levels left.
You knew the following spells:

 Your Spells              Type           Power      Damage    Failure   Level
a - Sandblast             Erth           70%        2d15      1%          1
b - Stone Arrow           Conj/Erth      40%        3d9       6%          3
c - Passwall              Tmut/Erth      18%        N/A       2%          2

Your spell library contained the following spells:

 Spells                   Type           Power      Damage    Failure   Level
 Beastly Appendage        Tmut           18%        N/A       8%          1
 Wereblood                Tmut           9%         N/A       11%         2
 Animate Skeleton         Necr           10%        N/A       12%         1
 Apportation              Tloc           10%        N/A       12%         1
 Corona                   Hex            5%         N/A       12%         1
 Summon Small Mammal      Summ           20%        N/A       12%         1
 Petrify                  Tmut/Erth      22%        N/A       17%         4
 Leda's Liquefaction      Hex/Erth       10%        N/A       22%         4
 Spider Form              Tmut/Pois      3%         N/A       28%         3
 Call Canine Familiar     Summ           5%         N/A       34%         3
 Inner Flame              Hex/Fire       5%         N/A       34%         3
 Portal Projectile        Hex/Tloc       10%        N/A       34%         3
 Cause Fear               Hex            2%         N/A       75%         4
 Manifold Assault         Tloc           5%         N/A       97%         5
 Storm Form               Tmut/Air       3%         N/A       100%        7
 Discord                  Hex            2%         N/A       100%        8
 Blink                    Tloc           Unusable   N/A       N/A         2

Dungeon Overview and Level Annotations

Branches:
Dungeon (8/15)             Temple (1/1) D:7          Bailey (1/1)
   Lair: D:8-11

Altars:
Ashenzari
Cheibriados
Dithmenos
Elyvilon
Fedhas
Gozag
Hepliaklqana
Kikubaaqudgha
Makhleb
Nemelex Xobeh
Okawaru
Qazlal
Sif Muna
Uskayaw
Vehumet
Wu Jian
Xom
Yredelemnul
Zin
The Shining One

Shops:
D:5 [

Annotations:
D:3 Edmund


Innate Abilities, Weirdness & Mutations

You cannot be hasted, slowed, berserked, paralysed or teleported.
You can dig through walls and to a lower floor.
You have a pair of large antennae on your head. (SInv)
Your four strong arms can wield two-handed weapons with a shield.


Message History

The stone arrow misses the orc.
Unknown command.
Casting: Stone Arrow (dangerous; 6% risk of failure)
Confirm with . or Enter, or press ? or * to list all spells.
Aiming: Stone Arrow (dangerous; 6% risk of failure)
Press: ? - help, Shift-Dir - straight line, f - orc warrior
Aim: an orc warrior, wielding a +0 arbalest, wearing a +0 ring mail and quivering bolts (64% to hit)
The stone arrow hits the orc warrior!
The orc warrior is moderately wounded.
Unknown command.
Casting: Stone Arrow (dangerous; 6% risk of failure)
Confirm with . or Enter, or press ? or * to list all spells.
You don't have enough magic to cast this spell.
Unknown command.
Unknown command.
Casting: Stone Arrow (dangerous; 6% risk of failure)
Confirm with . or Enter, or press ? or * to list all spells.
You don't have enough magic to cast this spell.
Unknown command.
Unknown command.
The orc warrior shoots a bolt.
The bolt closely misses you.
The orc warrior shoots a bolt.
The bolt closely misses you.
The orc warrior shoots a bolt.
The bolt hits you!
The orc warrior shoots a bolt.
The bolt misses you.
You start resting.
Magic restored.
The orc warrior shoots a bolt.
The bolt hits you!
You enter the shallow water.
Moving in this stuff is going to be slow.
The orc warrior shoots a bolt.
The bolt hits you!
The orc warrior shoots a bolt.
The bolt hits you!
The orc warrior shoots a bolt.
The bolt barely misses you.
There is a gate leading back out of this place here.
You start resting.
An orc warrior is nearby!
The orc warrior shoots a bolt.
The bolt hits you!
* * * LOW HITPOINT WARNING * * *
There is an empty arch of ancient stone, spattered with blood here.
The orc warrior shoots a bolt.
The bolt hits you!!
You die...

≈#∩.##≈......#
≈..^..≈......#
≈≈##.##≈......#
≈≈≈≈≈≈≈≈#.#≈≈..o...#
≈≈≈≈≈≈≈≈≈≈≈≈≈......#
...................#
...................#
...................#
................@..#
.............)...∩.#
..................∩#
####################


You could see an orc warrior.

Vanquished Creatures
  An unseen horror (D:7)
  A steam dragon (D:8)
  Eustachio (D:4)
  A sky beast (D:5)
  3 orc warriors
  An ice beast (D:6)
  An ogre (D:7)
  3 centaurs (D:7)
  2 bullfrogs (D:7)
  4 scorpions
  A water moccasin zombie (D:5)
  3 water moccasin skeletons
  A howler monkey (D:4)
  3 hounds
  A jelly (D:4)
  An orc priest (D:7)
  A gnoll shaman (D:6)
  An orc wizard (D:7)
  3 iguanas
  A hound zombie (D:5)
  Robin (D:4)
  10 gnolls
  A howler monkey skeleton (D:7)
  11 adders
  4 white imps
  2 ufetubi
  2 worms (D:2)
  7 dart slugs
  5 orcs
  8 ball pythons
  6 endoplasms
  5 giant cockroaches
  16 goblins
  12 hobgoblins
  2 kobolds
  3 quokkas
  A bat (D:1)
  2 frilled lizards (D:1)
  A quokka skeleton (D:4)
  7 rats
140 creatures vanquished.

Vanquished Creatures (others)
  A human (D:3)
  44 plants (D:7)
45 creatures vanquished.

Grand Total: 185 creatures vanquished

Notes
Turn   | Place    | Note
-------+----------+-------------------------------------------
     0 | D:1      | Kaptain the Formicid Earth Elementalist began the quest for
                  | the Orb.
     0 | D:1      | Reached XP level 1. HP: 13/13 MP: 3/3
   369 | D:1      | Reached XP level 2. HP: 19/19 MP: 3/5
   665 | D:1      | Reached skill level 4 in Earth Magic
   665 | D:1      | Reached XP level 3. HP: 24/25 MP: 1/6
  1242 | D:2      | Found a faded altar of an unknown god.
  1250 | D:2      | Reached skill level 1 in Armour
  1250 | D:2      | Reached XP level 4. HP: 29/31 MP: 2/8
  1543 | D:2      | Reached skill level 1 in Fighting
  1844 | D:2      | Reached XP level 5. HP: 37/37 MP: 6/9
  2119 | D:3      | Found a broken altar of Ashenzari.
  2617 | D:3      | Found an ancient bone altar of Kikubaaqudgha.
  2620 | D:3      | Noticed a human
  2621 | D:3      | Killed a human
  2712 | D:4      | Reached XP level 6. HP: 20/43 MP: 0/11
  2990 | D:4      | Learned a level 3 spell: Stone Arrow
  2993 | D:4      | Learned a level 2 spell: Passwall
  3010 | D:4      | Reached skill level 5 in Earth Magic
  3288 | D:4      | Reached skill level 1 in Shields
  3550 | D:4      | Noticed Edmund
  3960 | D:4      | Reached XP level 7. HP: 32/50 MP: 9/13
  4130 | D:4      | Noticed Eustachio
  4137 | D:4      | Killed Eustachio
  4177 | D:4      | HP: 1/51 [gnoll (3)]
  4926 | D:4      | Found a glowing golden altar of the Shining One.
  5068 | D:4      | Noticed Robin
  5077 | D:4      | Killed Robin
  5258 | D:5      | Entered Level 5 of the Dungeon
  5327 | D:5      | Reached skill level 6 in Earth Magic
  5329 | D:5      | Reached XP level 8. HP: 51/57 MP: 14/14
  5378 | D:5      | Found an opulent altar of Gozag.
  5666 | D:5      | Found Gubazxaj's Antique Armour Emporium.
  5849 | D:5      | Reached skill level 5 in Spellcasting
  7075 | D:6      | Found a sparkling altar of Nemelex Xobeh.
  7338 | D:7      | Reached skill level 5 in Stealth
  7447 | D:7      | Reached skill level 7 in Earth Magic
  7447 | D:7      | Reached XP level 9. HP: 55/64 MP: 12/17
  7779 | D:7      | Found a staircase to the Ecumenical Temple.
  7797 | Temple   | Entered the Ecumenical Temple
  8326 | D:7      | Noticed an unseen horror
  8335 | D:7      | Killed an unseen horror
  8716 | D:7      | Found a stormy altar of Qazlal.
  8770 | D:7      | Found a shadowy altar of Dithmenos.
  8990 | D:8      | Found a flagged portal.
  8998 | D:8      | Reached skill level 8 in Earth Magic
  9010 | Bailey   | Entered a bailey
  9685 | Bailey   | Shot with a bolt by an orc warrior

Illustrated notes

Levels and vault maps discovered:
D:1:      minmay_arrival_shattered_statue, layout_loops_ring, minmay_distorted
D:2:      layout_basic, hellmonk_ecumenical_altar_run_dry, chequers_mini_garden
D:3:      layout_loops_cross, lemuel_tele_altar, tgw_kikubaaqudgha
D:4:      layout_loops_ring, kennysheep_mini_moat, dk_noncrumbling_4,
          uniq_edmund, uniq_eustachio, uniq_robin
D:5:      layout_basic, grunt_gozag_breadcrumbs, portal_sewer_entry_d,
          serial_shops, nicolae_shop_temple_entry_statues_fountains
D:6:      layout_cave_pools, lemuel_round_altar, grunt_decor_junction,
          minmay_fountain_box
D:7:      layout_loops_ring, mainiacjoe_overflow_catch_the_wave,
          minmay_temple_entry_slanted
D:8:      layout_loops_cross, trog_wizard, enter_bailey_3,
          chequers_hall_statues_wall_a, uniq_psyche, uniq_joseph
Temple:   nicolae_temple_figure_eight
Bailey:   bailey_polearm_2, bailey

Skill      XL: |  1  2  3  4  5  6  7  8  9 |
---------------+----------------------------+-----
Earth Magic    | 4 5 6 7 8 |  8.2
Dodging        | 2 3 4 |  4.1
Armour         | 1 2 3 4 |  4.5
Fighting       | 1 2 3 4 |  4.4
Spellcasting   | 3 4 5 6 |  6.4
Stealth        | 3 4 5 6 |  6.0
Shields        | 1 2 3 4 |  4.2
Transmutations | |  1.1

Action                   |  1- 3 |  4- 6 |  7- 9 || total
-------------------------+-------+-------+-------++-------
Melee: Spear             |     4 |     3 |       ||     7
       Short sword       |       |    31 |       ||    31
       Falchion          |       |       |    62 ||    62
 Cast: Sandblast         |    44 |    85 |    88 ||   217
       Stone Arrow       |       |     1 |    39 ||    40
  Use: Scroll            |       |     4 |     4 ||     8
       Potion            |       |     4 |       ||     4
 Stab: Sleeping          |       |       |     1 ||     1
Armor: Robe              |     3 |       |       ||     3
       Leather armour    |       |     9 |    12 ||    21
       Skin              |       |    19 |       ||    19
       Steam dragon scal |       |       |     1 ||     1
Dodge: Dodged            |    16 |    30 |    97 ||   143
       Rpst.: Falchion   |       |       |    22 ||    22
